 Dungeon Crawl Stone Soup version 0.28-a0-697-g47f3eba078 (webtiles) character file.

Game seed: 357771409733244584

2625 ytrimaz the Cleaver (level 9, -1/71 HPs)
             Began as a Formicid Fighter on Oct 24, 2021.
             Shot with an arrow by a centaur warrior (3 damage)
             ... on level 13 of the Dungeon.
             The game lasted 00:11:45 (8166 turns).

ytrimaz the Cleaver (Formicid Fighter)              Turns: 8166, Time: 00:11:46

Health: -1/71      AC: 14    Str: 24    XL:     9   Next: 91%
Magic:  9/9        EV:  3    Int:  8    God:
Gold:   302        SH: 12    Dex: 10    Spells: 8/8 levels left

rFire   . . .      SeeInvis +   m - +5 battleaxe (vorpal)
rCold   . . .      Faith    .   o - +0 tower shield
rNeg    . . .      Spirit   .   b - +0 plate armour
rPois   .          Reflect  .   (helmet unavailable)
rElec   .          Harm     .   q - +1 cloak
rCorr   .          Rampage  .   (no gloves)
Will    .....                   (no boots)
Stlth   ..........              (no amulet)
HPRegen 0.21/turn               (no ring)
MPRegen 0.11/turn               (no ring)

@: no status effects
A: permanent stasis, dig shafts and tunnels, antennae 3, four strong arms
a: Dig, Shaft Self


You were on level 13 of the Dungeon.
You visited 2 branches of the dungeon, and saw 12 of its levels.
You also visited: Ossuary.

You collected 326 gold pieces.
You spent 24 gold pieces at shops.

Inventory:

Hand Weapons
 e - a +2 hand axe of venom
 m - a +5 vorpal battleaxe (weapon)
 r - a +1 hand axe of electrocution
 t - the +5 flail "Qirchon" {vamp, rN+ Int+5}
   (You found it on level 9 of the Dungeon)

   It occasionally heals its wielder for a portion of the damage dealt when it
   wounds a living foe.
   Int:       It affects your intelligence (+5).
   rN:        It protects you from negative energy.
Armour
 b - a +0 plate armour (worn)
 o - a +0 tower shield (worn)
 q - a +1 cloak (worn)
Wands
 c - a wand of charming (9)
 j - a wand of acid (9)
 p - a wand of mindburst (18)
Scrolls
 k - 3 scrolls of fear
 l - 2 scrolls of summoning
Potions
 a - 3 potions of flight
 d - 2 potions of lignification
 f - 3 potions of brilliance
 g - 2 potions of heal wounds
 h - 5 potions of curing
 i - 2 potions of resistance
 n - a potion of mutation {unknown}
 s - a potion of attraction {unknown}


   Skills:
 + Level 6.4 Fighting
 * Level 11.2 Axes
 + Level 5.5 Armour
 - Level 3.7 Shields


You had 8 spell levels left.
You didn't know any spells.
Your spell library contained the following spells:

 Spells                   Type           Power      Damage    Failure   Level
 Freeze                   Ice            0%         1d3       100%        1
 Ensorcelled Hibernation  Hex/Ice        0%         N/A       100%        2
 Slow                     Hex            0%         N/A       100%        2
 Confusing Touch          Hex            0%         N/A       100%        3
 Frozen Ramparts          Ice            0%         1d2       100%        3
 Gell's Gravitas          Tloc           0%         N/A       100%        3
 Teleport Other           Tloc           0%         N/A       100%        3
 Tukima's Dance           Hex            0%         N/A       100%        3
 Hailstorm                Conj/Ice       0%         3d3       100%        4
 Yara's Violent Unravell  Hex/Tmut       0%         3d3       100%        5
 Dispersal                Tloc           0%         N/A       100%        6


Dungeon Overview and Level Annotations

Branches:
Dungeon (13/15)            Temple (1/1) D:5         Ossuary (visited)
   Lair: D:8-11         Orc: D:9-12      Vaults: D:13-14

Altars:
Ashenzari
Cheibriados
Dithmenos
Elyvilon
Fedhas
Hepliaklqana
Kikubaaqudgha
Nemelex Xobeh
Ru
Sif Muna
Trog
Uskayaw
Vehumet
Wu Jian
Xom

Shops:
D:6 *


Innate Abilities, Weirdness & Mutations

You cannot be hasted, slowed, berserked, paralysed or teleported.
You can dig through walls and to a lower floor.
You have a pair of large antennae on your head. (SInv)
Your four strong arms can wield two-handed weapons with a shield.


Message History

You slice the hog!!
You kill the hog!
You block the hog's attack.
Your Axes skill increases to level 11!
You slice the hog!!
The hog is almost dead.
The hog barely misses you. You block the hog's attack.
You slash the hog!
You kill the hog!
You see here a hog corpse.
You start resting.
HP restored.
Found 15 stones.
A tengu warrior comes into view. It is wielding a +0 battleaxe.
Found a scroll of fear.
The tengu warrior shouts!
The tengu warrior unwields a +0 battleaxe.
The tengu warrior wields a +0 longbow.
The tengu warrior shoots an arrow.
You block the arrow.
The tengu warrior shoots an arrow.
The arrow hits you!
The tengu warrior shoots an arrow.
You block the arrow.
The tengu warrior shoots an arrow.
The arrow hits you!
The tengu warrior shoots an arrow.
You block the arrow.
The tengu warrior shoots an arrow.
The arrow hits you!
The tengu warrior shoots an arrow.
The arrow hits you!!
* * * LOW HITPOINT WARNING * * *
The eight-headed hydra roars!
You hear a bellow! x2; You hear a shout!
Unknown command.
Are you sure you want to shaft yourself?
The tengu warrior shoots an arrow.
The arrow hits you!!
* * * LOW HITPOINT WARNING * * *
You begin to dig a shaft.
You continue digging a shaft.
The tengu warrior shoots an arrow.
You block the arrow. A shaft appears beneath you!
You fall into a shaft and drop 1 floor!
The shaft crumbles and collapses.
The centaur warrior shouts!
The centaur warrior wields a +0 shortbow.
The centaur warrior shoots an arrow.
The arrow hits you.
You die...

###############
.......@....c..
....####.......
. ......#
......# ......#
......# .......
........#
#######
........#


You could see a centaur warrior.

Vanquished Creatures
  Sigmund (D:2)
  2 hogs (D:12)
  2 water moccasins
  2 ice beasts (D:6)
  A necrophage (D:6)
  A centaur (D:5)
  An ogre (D:2)
  2 phantoms
  Blork the orc (D:4)
  An elf zombie (Ossuary)
  2 scorpions (D:5)
  2 howler monkeys
  4 centaur zombies
  A human zombie (Ossuary)
  A centaur skeleton (D:6)
  2 hounds
  3 orc priests
  A gnoll shaman (D:5)
  Jessica (D:3)
  Ijyb (D:3)
  An iguana (D:3)
  2 orc wizards
  A scorpion zombie (D:5)
  2 mummies (Ossuary)
  A howler monkey zombie (D:6)
  Robin (D:2)
  7 gnolls
  A howler monkey skeleton (D:6)
  3 adders
  3 worms
  12 orcs
  5 endoplasms
  2 giant cockroaches
  13 hobgoblins
  5 jackals
  4 kobolds
  2 quokkas
  2 ball pythons
  5 bats
  3 frilled lizards
  14 goblins
  6 hobgoblin zombies (Ossuary)
  3 jackal zombies (Ossuary)
  9 kobold zombies (Ossuary)
  11 orc zombies (Ossuary)
  4 rats
  3 rat zombies (Ossuary)
157 creatures vanquished.

Notes
Turn   | Place    | Note
-------+----------+-------------------------------------------
     0 | D:1      | ytrimaz the Formicid Fighter began the quest for the Orb.
     0 | D:1      | Reached XP level 1. HP: 18/18 MP: 1/1
   326 | D:1      | Found a faded altar of an unknown god.
   663 | D:1      | Reached XP level 2. HP: 22/24 MP: 2/2
  1296 | D:1      | Reached XP level 3. HP: 30/30 MP: 3/3
  1464 | D:2      | Noticed an ogre
  1468 | D:2      | Noticed Sigmund
  1471 | D:2      | Killed an ogre
  1472 | D:2      | Reached skill level 4 in Axes
  1472 | D:2      | Reached XP level 4. HP: 26/37 MP: 4/4
  1472 | D:2      | Reached XP level 5. HP: 29/42 MP: 5/5
  1476 | D:2      | Killed Sigmund
  1477 | D:2      | Reached skill level 5 in Axes
  1477 | D:2      | Reached XP level 6. HP: 21/50 MP: 6/6
  1855 | D:2      | Noticed Robin
  1871 | D:2      | Killed Robin
  2763 | D:3      | Reached XP level 7. HP: 52/55 MP: 7/7
  2869 | D:3      | Reached skill level 6 in Axes
  3162 | D:3      | Reached skill level 5 in Fighting
  3329 | D:3      | Noticed Jessica
  3331 | D:3      | Killed Jessica
  3362 | D:3      | Noticed Ijyb
  3369 | D:3      | Killed Ijyb
  3543 | D:4      | Noticed Blork the orc
  3552 | D:4      | Killed Blork the orc
  4221 | D:5      | Entered Level 5 of the Dungeon
  4314 | D:5      | Found a staircase to the Ecumenical Temple.
  4319 | Temple   | Entered the Ecumenical Temple
  4597 | D:5      | Reached skill level 7 in Axes
  4692 | D:5      | Found a sand-covered staircase.
  4696 | Ossuary  | Entered an ossuary
  4763 | Ossuary  | Reached XP level 8. HP: 62/62 MP: 8/8
  4797 | Ossuary  | Reached skill level 8 in Axes
  5170 | D:5      | Found a hazy altar of Hepliaklqana.
  5172 | D:5      | Found a snail-covered altar of Cheibriados.
  5177 | D:5      | Found a broken altar of Ashenzari.
  5177 | D:5      | Found an ornate altar of the Wu Jian Council.
  5632 | D:5      | Reached skill level 9 in Axes
  5827 | D:5      | Reached XP level 9. HP: 31/69 MP: 9/9
  6097 | D:6      | Reached skill level 10 in Axes
  6393 | D:6      | Found a hide-covered altar of Uskayaw.
  6403 | D:6      | Found Souruhor's Specific Store.
  6405 | D:6      | Found Guonipso's General Store.
  6415 | D:6      | Bought a scroll of identify for 24 gold pieces
  6935 | D:7      | Reached skill level 5 in Armour
  6946 | D:7      | You fall into a shaft and drop 2 floors!
  6974 | D:9      | Noticed a two-headed ogre
  7040 | D:9      | Identified the +5 flail "Qirchon" {vamp, rN+ Int+5}
  7102 | D:9      | Noticed a hornet
  7103 | D:9      | Found a shimmering altar of Xom.
  7119 | D:9      | You fall into a shaft and drop 3 floors!
  7322 | D:12     | Noticed a catoblepas
  7360 | D:12     | You fall into a shaft and drop 1 floor!
  7925 | D:12     | Noticed a kobold demonologist
  7944 | D:12     | Noticed an eight-headed hydra
  7982 | D:12     | Reached skill level 11 in Axes
  8118 | D:12     | Noticed a tengu warrior
  8164 | D:12     | HP: 2/71 [tengu warrior/arrow (20)]
  8166 | D:12     | You fall into a shaft and drop 1 floor!
  8166 | D:13     | Noticed a centaur warrior
  8166 | D:13     | Shot with an arrow by a centaur warrior

Illustrated notes

Levels and vault maps discovered:
D:1:      minmay_arrival_five_plusses, layout_loops_corners,
          basic_ecumenical_altar, bh_walls_and_bars
D:2:      layout_basic, serial_glass, glass_columns_a, glass_columns_a,
          chequers_serial_rivers_small_a, uniq_robin, uniq_sigmund
D:3:      layout_basic, st_stairs_13, item_on_display_a, uniq_jessica, uniq_ijyb
D:4:      layout_cave_pools, uniq_blork_the_orc
D:5:      layout_basic, grunt_temple_overflow_open,
          minmay_temple_entry_enclosed_plants,
          lightli_ossuary_entry_decrepit_ruins
D:6:      layout_rooms, mainiacjoe_overflow_24_doors, wad_floor_pattern_1,
          nicolae_specific_store
D:7:      layout_cave_pools, pdpol_temple_overflow_zin_treasury_gozag_greed,
          chequers_mini_garden, nicolae_shop_gadgets
D:9:      layout_basic, xom_teletrap_fun, mainiacjoe_overflow_two_lobes
D:11:     minmay_four_partial_circles, layout_irregular_city, serial_shops, shop
D:12:     layout_cave_pods, uniq_kirke
D:13:     layout_stronghold
Temple:   compressed_dpeg_triangle_lava_temple

Skill      XL: |  1  2  3  4  5  6  7  8  9 |
---------------+----------------------------+-----
Fighting       | 4 5 6 |  6.4
Axes           | 4 5 7 9 11 | 11.2
Armour         | 4 5 |  5.5
Shields        | |  3.7

Action                   |  1- 3 |  4- 6 |  7- 9 || total
-------------------------+-------+-------+-------++-------
Melee: War axe           |    61 |    13 |       ||    74
       Hand axe          |       |    46 |    37 ||    83
       Battleaxe         |       |       |   158 ||   158
 Abil: Dig               |       |       |     5 ||     5
       Shaft Self        |       |       |     4 ||     4
  Use: Potion            |     1 |       |     1 ||     2
       Scroll            |       |     2 |    11 ||    13
Armor: Scale mail        |    35 |    29 |    62 ||   126
       Chain mail        |       |       |    28 ||    28
       Plate armour      |       |       |    50 ||    50
Dodge: Dodged            |    29 |    24 |    65 ||   118
Block: Buckler           |    21 |     9 |     8 ||    38
       Tower shield      |       |       |   169 ||   169

Table legend: (Time is in decaauts)
 A = Elapsed time spent in this place.
 B = Non-inter-level travel time spent in this place.
 C = Inter-level travel time spent in this place.
 D = Time resting spent in this place.
 E = Time spent auto-exploring this place.
 F = Levels seen in this place.
 G = Mean time per level.
                   A        B        C        D        E       F      G
               +--------+--------+--------+--------+--------+-----+--------+
         Total |   8296 |   8146 |    150 |   2230 |   4180 |  13 |  638.2 |
       Dungeon |   7783 |   7641 |    142 |   2230 |   3887 |  11 |  707.5 |
        Temple |    262 |    254 |      8 |      0 |    204 |   1 |  262.0 |
       Ossuary |    250 |    250 |      0 |      0 |     89 |   1 |  250.0 |
               +--------+--------+--------+--------+--------+-----+--------+

Top non-repeatable levels by time:
     D:1: 1389 daAuts
     D:2: 1351 daAuts
     D:5: 1317 daAuts
     D:6: 929 daAuts
    D:12: 796 daAuts
     D:3: 755 daAuts
     D:4: 752 daAuts
  Temple: 262 daAuts
 Ossuary: 250 daAuts
    D:13: 231 daAuts
     D:9: 172 daAuts
     D:7: 59 daAuts
    D:11: 27 daAuts
